River Rats vs Thunder
(R1)
Created - 14 mai 2013 at 19:10
Goals
|
| River Rats |
1 |
0 |
1 |
2 |
| Thunder |
0 |
3 |
0 |
3 |
|
Shots
|
| River Rats |
15 |
13 |
17 |
45 |
| Thunder |
6 |
16 |
9 |
31 |
|
1st period
1. River Rats , Lee Stempniak 41 (Dustin Boyd, Chris Mcallister) at 1:22
Penalties :
Joey Crabb (TRO) for Slashing (Minor) at 19:06
2nd period
2. Thunder , Kevin Montgomery 1 (Brett Festerling, Scott Parse) at 7:38
3. Thunder , Adam Hall 44 (Tom Pyatt) at 14:40
4. Thunder , Colton Gillies 1 (Doug Janik, Derek Peltier) at 18:51
Penalties :
Jerred Smithson (TRO) for Boarding (Minor) at 2:00, Adam Hall (TRO) for Roughing (Minor) at 19:04
3rd period
5. River Rats , Dustin Boyd 55 (Mikael Renberg) at 2:52 (PP)
Penalties :
Jerred Smithson (TRO) for Holding (Minor) at 2:46, Jerred Smithson (TRO) for Roughing (Minor) at 6:49
Goalie Stats
Barry Brust (Alb), 28 saves from 31 shots - (0,903), L, 20-10-4, 59:32 minutes
Adam Munro (TRO), 43 saves from 45 shots - (0,956), W, 25-20-1, 60:00 minutes
Players Stats for River Rats
Player Name G A P +/- PIM S H SB GA TA FO MP PP MP PK MP
------------------------------------------------------------------------------------
Andrej Meszaros 0 0 0 -1 0 3 1 0 1 0 0/0 26:11 5:21 0:00
Andy Greene 0 0 0 -1 0 5 1 3 1 1 0/0 24:54 2:41 0:00
Benn Ferriero 0 0 0 0 0 1 1 0 0 0 3/6 12:20 0:00 0:00
Brett Maclean 0 0 0 -1 0 1 0 0 0 0 1/1 17:29 3:34 0:00
Bryan Bickell 0 0 0 0 0 1 0 0 0 0 0/1 7:09 0:00 0:00
Chris Mcallister 0 1 1 -1 0 0 2 1 0 0 0/0 23:02 4:28 0:00
Dustin Boyd 1 1 2 -1 0 8 2 0 1 0 25/43 23:02 4:28 0:00
Jay Beagle 0 0 0 0 0 0 2 0 0 0 0/0 12:20 0:00 0:00
Jonathan Ericsson 0 0 0 -2 0 3 4 1 1 1 0/0 22:42 5:21 0:00
Kyle Chipchura 0 0 0 0 0 0 0 0 0 0 4/5 7:09 0:00 0:00
Lee Stempniak 1 0 1 -1 0 5 3 0 2 2 1/2 22:16 3:34 0:00
Martin Grenier 0 0 0 -2 0 2 3 0 1 0 0/0 19:16 2:41 0:00
Matt Jones 0 0 0 1 0 4 2 0 0 1 0/0 14:33 0:00 0:00
Mikael Renberg 0 1 1 -1 0 4 1 0 0 0 0/1 18:15 4:28 0:00
Niklas Hjalmarsson 0 0 0 1 0 0 0 0 0 0 0/0 12:24 0:00 0:00
Trent Hunter 0 0 0 0 0 0 1 0 0 0 0/0 7:09 0:00 0:00
Tyler Bozak 0 0 0 -1 0 3 3 1 0 0 9/14 17:29 3:34 0:00
Vladimir Orszagh 0 0 0 0 0 5 3 0 0 0 0/0 12:20 0:00 0:00
Players Stats for Thunder
Player Name G A P +/- PIM S H SB GA TA FO MP PP MP PK MP
------------------------------------------------------------------------------------
Adam Hall 1 0 1 1 2 3 1 1 0 0 5/10 23:14 0:00 4:04
Brandon Mashinter 0 0 0 1 0 2 1 0 0 0 1/5 11:00 0:00 0:00
Brett Festerling 0 1 1 0 0 0 0 0 0 0 0/0 12:04 0:00 0:00
Casey Pierro-Zabotel 0 0 0 0 0 0 0 0 0 0 0/0 7:26 0:00 0:00
Colby Cohen 0 0 0 0 0 0 0 0 0 0 0/0 2:56 0:00 0:00
Colton Gillies 1 0 1 1 0 1 0 0 0 0 1/2 12:34 0:00 1:33
Daniel Winnik 0 0 0 0 0 3 4 0 0 0 1/3 16:29 0:00 2:08
Derek Peltier 0 1 1 0 0 3 1 0 0 2 0/0 19:26 0:00 2:28
Doug Janik 0 1 1 2 0 2 1 2 1 1 0/0 27:38 0:00 5:34
Jeff Finger 0 0 0 2 0 1 0 0 1 2 0/0 25:39 0:00 5:34
Jerred Smithson 0 0 0 0 6 0 1 0 0 0 4/9 14:17 0:00 0:00
Joey Crabb 0 0 0 0 2 3 0 1 0 0 0/0 7:31 0:00 0:00
Kelly Zajac 0 0 0 0 0 0 1 0 0 0 1/6 7:26 0:00 0:00
Kevin Montgomery 1 0 1 0 0 1 0 1 0 0 0/0 12:51 0:00 0:00
Pierre-Alexandre Parente 0 0 0 0 0 4 1 0 0 1 2/3 16:08 0:00 1:47
Ray Macias 0 0 0 0 0 2 3 5 0 0 0/0 19:26 0:00 2:28
Robin Leblanc 0 0 0 1 0 2 3 3 1 1 0/0 11:00 0:00 0:00
Scott Parse 0 1 1 1 0 1 1 4 1 0 3/4 24:44 0:00 5:34
Tom Pyatt 0 1 1 1 0 3 2 1 1 0 12/31 20:04 0:00 0:58
3 Stars
1 - Adam Munro (TRO)
2 - Dustin Boyd (Alb)
3 - Colton Gillies (TRO)
Power Play
River Rats - 1 on 5 Attempt(s) - 20,00%
Thunder - 0 on 0 Attempt(s) - 0,00%
Penalty Kill
River Rats - 0 on 0 Attempt(s) - 0,00%
- Score 0 goal in Penalty Kill
Thunder - 4 on 5 Attempt(s) - 80,00%
- Score 0 goal in Penalty Kill
Official
Referees : Charron Francis and Auger Stephane
Linesman : Don Henderson and Dan Schachte
Game Notes
No Game Note
River Rats
5 vs 5 Forward
Center Left Wing Right Wing Time % Phy DF OF
1 Dustin Boyd Chris Mcallister Lee Stempniak 40 0 2 3
2 Tyler Bozak Brett Maclean Mikael Renberg 30 0 2 3
3 Benn Ferriero Vladimir Orszagh Jay Beagle 20 1 2 2
4 Kyle Chipchura Bryan Bickell Trent Hunter 10 1 2 2
5 vs 5 Defense
Defense Defense Time % Phy DF OF
1 Andy Greene Andrej Meszaros 40 1 2 2
2 Jonathan Ericsson Martin Grenier 30 1 2 2
3 Matt Jones Niklas Hjalmarsson 20 1 2 2
4 Andy Greene Matt Jones 10 1 2 2
PowerPlay Forward
Center Left Wing Right Wing Time % Phy DF OF
1 Dustin Boyd Chris Mcallister Mikael Renberg 60 1 2 2
2 Tyler Bozak Brett Maclean Lee Stempniak 40 1 2 2
PowerPlay Defense
Defense Defense Time % Phy DF OF
1 Andrej Meszaros Jonathan Ericsson 60 1 2 2
2 Andy Greene Martin Grenier 40 1 2 2
Penalty Kill 4 Players Forward
Center Wing Time % Phy DF OF
1 Kyle Chipchura Mikael Renberg 60 1 2 2
2 Dustin Boyd Lee Stempniak 40 1 2 2
Penalty Kill 4 Players Defense
Defense Defense Time % Phy DF OF
1 Jonathan Ericsson Andy Greene 60 1 2 2
2 Matt Jones Martin Grenier 40 1 2 2
Penalty Kill - 3 Players Forward
Forward Time % Phy DF OF
1 Kyle Chipchura 60 1 2 2
2 Mikael Renberg 40 1 2 2
Penalty Kill - 3 Players Defense
Defense Defense Time % Phy DF OF
1 Martin Grenier Andy Greene 60 1 2 2
2 Matt Jones Jonathan Ericsson 40 1 2 2
4 vs 4 Forward
Center Wing Time % Phy DF OF
1 Tyler Bozak Lee Stempniak 60 1 2 2
2 Dustin Boyd Chris Mcallister 40 1 2 2
4 vs 4 Defense
Defense Defense Time % Phy DF OF
1 Andrej Meszaros Jonathan Ericsson 60 1 2 2
2 Matt Jones Niklas Hjalmarsson 40 1 2 2
Last Minutes Offensive
Center Left Wing Right Wing Defense Defense
Dustin Boyd Chris Mcallister Lee Stempniak Jonathan Ericsson Martin Grenier
Last Minutes Defensive
Center Left Wing Right Wing Defense Defense
Dustin Boyd Chris Mcallister Lee Stempniak Jonathan Ericsson Martin Grenier
Goaltenders
Starting : Barry Brust
Backup : Jeff Glass
Extra Forwards
Normal : Bryan Bickell, Brett Maclean, Vladimir Orszagh - PP : Vladimir Orszagh, Brett Maclean - PK : Lee Stempniak
Extra Defensemen
Normal : Niklas Hjalmarsson, Matt Jones, Andrej Meszaros - PP : Andy Greene - PK : Niklas Hjalmarsson, Andrej Meszaros
Penalty Shots
Lee Stempniak, Mikael Renberg, Dustin Boyd, Brett Maclean, Benn Ferriero
Thunder
5 vs 5 Forward
Center Left Wing Right Wing Time % Phy DF OF
1 Tom Pyatt Scott Parse Adam Hall 40 1 2 2
2 Jerred Smithson Daniel Winnik Pierre-Alexandre Parentea30 1 2 2
3 Brandon Mashinter Colton Gillies Robin Leblanc 20 1 2 2
4 Kelly Zajac Casey Pierro-Zabotel Joey Crabb 10 1 2 2
5 vs 5 Defense
Defense Defense Time % Phy DF OF
1 Doug Janik Jeff Finger 40 1 2 2
2 Derek Peltier Ray Macias 30 1 2 2
3 Brett Festerling Kevin Montgomery 20 1 2 2
4 Colby Cohen Doug Janik 10 1 2 2
PowerPlay Forward
Center Left Wing Right Wing Time % Phy DF OF
1 Tom Pyatt Scott Parse Adam Hall 60 1 2 2
2 Jerred Smithson Daniel Winnik Pierre-Alexandre Parentea40 1 2 2
PowerPlay Defense
Defense Defense Time % Phy DF OF
1 Doug Janik Jeff Finger 60 1 2 2
2 Derek Peltier Ray Macias 40 1 2 2
Penalty Kill 4 Players Forward
Center Wing Time % Phy DF OF
1 Adam Hall Scott Parse 60 1 2 2
2 Pierre-Alexandre ParenteaDaniel Winnik 40 1 2 2
Penalty Kill 4 Players Defense
Defense Defense Time % Phy DF OF
1 Doug Janik Jeff Finger 60 1 2 2
2 Derek Peltier Ray Macias 40 1 2 2
Penalty Kill - 3 Players Forward
Forward Time % Phy DF OF
1 Adam Hall 60 1 2 2
2 Scott Parse 40 1 2 2
Penalty Kill - 3 Players Defense
Defense Defense Time % Phy DF OF
1 Doug Janik Jeff Finger 60 1 2 2
2 Derek Peltier Ray Macias 40 1 2 2
4 vs 4 Forward
Center Wing Time % Phy DF OF
1 Adam Hall Scott Parse 60 1 2 2
2 Pierre-Alexandre ParenteaDaniel Winnik 40 1 2 2
4 vs 4 Defense
Defense Defense Time % Phy DF OF
1 Doug Janik Jeff Finger 60 1 2 2
2 Derek Peltier Ray Macias 40 1 2 2
Last Minutes Offensive
Center Left Wing Right Wing Defense Defense
Tom Pyatt Scott Parse Adam Hall Doug Janik Jeff Finger
Last Minutes Defensive
Center Left Wing Right Wing Defense Defense
Tom Pyatt Scott Parse Adam Hall Doug Janik Jeff Finger
Goaltenders
Starting : Adam Munro
Backup : Semyon Varlamov
Extra Forwards
Normal : Robin Leblanc, Joey Crabb, Colton Gillies - PP : Robin Leblanc, Joey Crabb - PK : Colton Gillies
Extra Defensemen
Normal : Brett Festerling, Kevin Montgomery, Colby Cohen - PP : Brett Festerling - PK : Kevin Montgomery, Colby Cohen
Penalty Shots
Adam Hall, Scott Parse, Pierre-Alexandre Parenteau, Daniel Winnik, Tom Pyatt
% Time on Ice - River Rats
Lines # - Real PCT - Wanted PCT - Time Play
Normal Forward
1 - 34% - 40% - 17:24
2 - 27% - 30% - 13:55
3 - 24% - 20% - 12:20
4 - 14% - 10% - 7:09
Normal Defense
1 - 39% - 40% - 19:41
2 - 33% - 30% - 16:34
3 - 23% - 20% - 11:50
4 - 5% - 10% - 2:43
PP Forward
1 - 56% - 60% - 4:28
2 - 44% - 40% - 3:34
PP Defense
1 - 67% - 60% - 5:21
2 - 33% - 40% - 2:41
PK Forward
1 - 0% - 60%
2 - 0% - 40%
PK Defense
1 - 0% - 60%
2 - 0% - 40%
PK3 Forward
1 - 0% - 60%
2 - 0% - 40%
PK3 Defense
1 - 0% - 60%
2 - 0% - 40%
44 Forward
1 - 0% - 60%
2 - 0% - 40%
44 Defense
1 - 0% - 60%
2 - 0% - 40%
Last Minute Offensive - 1:10
Last Minute Defensive - 0:00
Total
Forward - 60:00
Defense - 60:00
|
% Time on Ice - Thunder
Lines # - Real PCT - Wanted PCT - Time Play
Normal Forward
1 - 35% - 40% - 18:00
2 - 28% - 30% - 14:21
3 - 22% - 20% - 11:00
4 - 15% - 10% - 7:26
Normal Defense
1 - 38% - 40% - 19:08
2 - 33% - 30% - 16:58
3 - 24% - 20% - 11:59
4 - 5% - 10% - 2:42
PP Forward
1 - 0% - 60%
2 - 0% - 40%
PP Defense
1 - 0% - 60%
2 - 0% - 40%
PK Forward
1 - 78% - 60% - 6:15
2 - 22% - 40% - 1:47
PK Defense
1 - 69% - 60% - 5:34
2 - 31% - 40% - 2:28
PK3 Forward
1 - 0% - 60%
2 - 0% - 40%
PK3 Defense
1 - 0% - 60%
2 - 0% - 40%
44 Forward
1 - 0% - 60%
2 - 0% - 40%
44 Defense
1 - 0% - 60%
2 - 0% - 40%
Last Minute Offensive - 0:00
Last Minute Defensive - 1:11
Total
Forward - 60:00
Defense - 60:00
|
Play by Play
1st period
0:01 of 1st period - Dustin Boyd wins face-off versus Tom Pyatt in neutral zone.
0:04 of 1st period - Wrist shot by Dustin Boyd.
0:04 of 1st period - Stopped by Adam Munro with a rebound.
0:06 of 1st period - Wrist shot by Dustin Boyd.
0:06 of 1st period - Deflect By Lee Stempniak.
0:06 of 1st period - Stopped by Adam Munro with a rebound.
0:08 of 1st period - Slapshot by Andy Greene.
0:08 of 1st period - Stopped by Adam Munro with a rebound.
0:16 of 1st period - Wrist shot by Chris Mcallister.
0:16 of 1st period - Shot Misses the Net.
0:28 of 1st period - Snap shot by Tyler Bozak.
0:28 of 1st period - Deflect By Mikael Renberg.
0:28 of 1st period - Stopped by Adam Munro without a rebound.
0:29 of 1st period - Tyler Bozak wins face-off versus Daniel Winnik in Thunder zone.
0:44 of 1st period - Snap shot by Mikael Renberg.
0:44 of 1st period - Shot Misses the Net.
0:46 of 1st period - Slapshot by Martin Grenier.
0:46 of 1st period - Shot Hit the Post.
0:48 of 1st period - Snap shot by Brett Maclean.
0:48 of 1st period - Deflect By Mikael Renberg.
0:48 of 1st period - Shot Blocked by Ray Macias.
0:48 of 1st period - Puck is out of play.
0:49 of 1st period - Brandon Mashinter wins face-off versus Benn Ferriero in Thunder zone.
0:49 of 1st period - Brandon Mashinter is hit by Vladimir Orszagh.
0:52 of 1st period - Icing by Robin Leblanc.
0:53 of 1st period - Benn Ferriero wins face-off versus Brandon Mashinter in Thunder zone.
0:56 of 1st period - Wrist shot by Vladimir Orszagh.
0:56 of 1st period - Stopped by Adam Munro with a rebound.
1:22 of 1st period - Snap shot by Dustin Boyd.
1:22 of 1st period - Deflect By Lee Stempniak.
1:22 of 1st period - Goal by Lee Stempniak - River Rats : 1 - Thunder : 0.
1:23 of 1st period - Kyle Chipchura wins face-off versus Kelly Zajac in neutral zone.
1:26 of 1st period - Slapshot by Andrej Meszaros.
1:26 of 1st period - Shot Misses the Net.
1:30 of 1st period - Slapshot by Andrej Meszaros.
1:30 of 1st period - Stopped by Adam Munro without a rebound.
1:31 of 1st period - Kyle Chipchura wins face-off versus Kelly Zajac in Thunder zone.
2:19 of 1st period - Snap shot by Pierre-Alexandre Parenteau.
2:19 of 1st period - Stopped by Barry Brust with a rebound.
2:44 of 1st period - Slapshot by Vladimir Orszagh.
2:44 of 1st period - Shot Misses the Net.
2:46 of 1st period - Slapshot by Jonathan Ericsson.
2:46 of 1st period - Shot Blocked by Ray Macias.
2:48 of 1st period - Backhand shot by Martin Grenier.
2:48 of 1st period - Stopped by Adam Munro without a rebound.
2:49 of 1st period - Dustin Boyd wins face-off versus Tom Pyatt in Thunder zone.
3:36 of 1st period - Colton Gillies is hit by Martin Grenier and loses puck.
3:43 of 1st period - Wrist shot by Benn Ferriero.
3:43 of 1st period - Shot Blocked by Robin Leblanc.
3:45 of 1st period - Slapshot by Niklas Hjalmarsson.
3:45 of 1st period - Deflect By Benn Ferriero.
3:45 of 1st period - Shot Misses the Net.
3:45 of 1st period - Puck is out of play.
3:46 of 1st period - Dustin Boyd wins face-off versus Tom Pyatt in Thunder zone.
3:49 of 1st period - Snap shot by Lee Stempniak.
3:49 of 1st period - Shot Blocked by Scott Parse.
3:51 of 1st period - Slapshot by Matt Jones.
3:51 of 1st period - Stopped by Adam Munro without a rebound.
3:52 of 1st period - Dustin Boyd wins face-off versus Tom Pyatt in Thunder zone.
4:07 of 1st period - Snap shot by Lee Stempniak.
4:07 of 1st period - Stopped by Adam Munro with a rebound.
4:24 of 1st period - Off-side.
4:25 of 1st period - Kyle Chipchura wins face-off versus Jerred Smithson in neutral zone.
4:40 of 1st period - Wrist shot by Pierre-Alexandre Parenteau.
4:40 of 1st period - Shot Hit the Post.
5:36 of 1st period - Wrist shot by Robin Leblanc.
5:36 of 1st period - Shot Misses the Net.
5:49 of 1st period - Icing by Doug Janik.
5:50 of 1st period - Tom Pyatt wins face-off versus Bryan Bickell in Thunder zone.
6:22 of 1st period - Wrist shot by Lee Stempniak.
6:22 of 1st period - Shot Misses the Net.
6:40 of 1st period - Snap shot by Brett Maclean.
6:40 of 1st period - Shot Misses the Net.
6:42 of 1st period - Slapshot by Mikael Renberg.
6:42 of 1st period - Shot Blocked by Ray Macias.
6:44 of 1st period - Slapshot by Jonathan Ericsson.
6:44 of 1st period - Stopped by Adam Munro without a rebound.
6:45 of 1st period - Tom Pyatt wins face-off versus Tyler Bozak in Thunder zone.
7:10 of 1st period - Tom Pyatt is hit by Andrej Meszaros and loses puck.
7:47 of 1st period - Andy Greene is hit by Ray Macias and loses puck.
8:08 of 1st period - Snap shot by Matt Jones.
8:08 of 1st period - Stopped by Adam Munro without a rebound.
8:09 of 1st period - Dustin Boyd wins face-off versus Jerred Smithson in Thunder zone.
8:24 of 1st period - Snap shot by Pierre-Alexandre Parenteau.
8:24 of 1st period - Stopped by Barry Brust without a rebound.
8:25 of 1st period - Tyler Bozak wins face-off versus Brandon Mashinter in River Rats zone.
8:32 of 1st period - Matt Jones is hit by Robin Leblanc and loses puck.
8:37 of 1st period - Snap shot by Robin Leblanc.
8:37 of 1st period - Shot Misses the Net.
8:39 of 1st period - Slapshot by Jeff Finger.
8:39 of 1st period - Stopped by Barry Brust with a rebound.
8:51 of 1st period - Jeff Finger is hit by Lee Stempniak.
9:12 of 1st period - Andrej Meszaros is hit by Kelly Zajac and loses puck.
9:39 of 1st period - Wrist shot by Vladimir Orszagh.
9:39 of 1st period - Shot Blocked by Robin Leblanc.
9:55 of 1st period - Mikael Renberg is hit by Pierre-Alexandre Parenteau and loses puck.
10:38 of 1st period - Scott Parse is hit by Matt Jones and loses puck.
12:18 of 1st period - Doug Janik is hit by Tyler Bozak and loses puck.
12:58 of 1st period - Kyle Chipchura is hit by Scott Parse and loses puck.
13:09 of 1st period - Slapshot by Matt Jones.
13:09 of 1st period - Shot Blocked by Kevin Montgomery.
13:11 of 1st period - Snap shot by Vladimir Orszagh.
13:11 of 1st period - Stopped by Adam Munro with a rebound.
14:06 of 1st period - Jonathan Ericsson is hit by Derek Peltier and loses puck.
14:11 of 1st period - Wrist shot by Adam Hall.
14:11 of 1st period - Shot Misses the Net.
14:13 of 1st period - Slapshot by Derek Peltier.
14:13 of 1st period - Deflect By Scott Parse.
14:13 of 1st period - Shot Misses the Net.
14:13 of 1st period - Puck is out of play.
14:14 of 1st period - Tom Pyatt wins face-off versus Dustin Boyd in River Rats zone.
14:15 of 1st period - Slapshot by Adam Hall.
14:15 of 1st period - Stopped by Barry Brust with a rebound.
14:55 of 1st period - Icing by Daniel Winnik.
14:56 of 1st period - Jerred Smithson wins face-off versus Benn Ferriero in Thunder zone.
14:56 of 1st period - Jerred Smithson is hit by Benn Ferriero.
15:44 of 1st period - Wrist shot by Joey Crabb.
15:44 of 1st period - Stopped by Barry Brust with a rebound.
16:23 of 1st period - Icing by Niklas Hjalmarsson.
16:24 of 1st period - Kyle Chipchura wins face-off versus Tom Pyatt in River Rats zone.
16:56 of 1st period - Pierre-Alexandre Parenteau is hit by Jonathan Ericsson and loses puck.
17:20 of 1st period - Slapshot by Jonathan Ericsson.
17:20 of 1st period - Shot Misses the Net.
17:40 of 1st period - Slapshot by Andy Greene.
17:40 of 1st period - Stopped by Adam Munro without a rebound.
17:41 of 1st period - Dustin Boyd wins face-off versus Tom Pyatt in Thunder zone.
17:48 of 1st period - Wrist shot by Dustin Boyd.
17:48 of 1st period - Stopped by Adam Munro with a rebound.
17:52 of 1st period - Wrist shot by Lee Stempniak.
17:52 of 1st period - Shot Blocked by Scott Parse.
17:54 of 1st period - Snap shot by Chris Mcallister.
17:54 of 1st period - Shot Misses the Net.
18:11 of 1st period - Slapshot by Pierre-Alexandre Parenteau.
18:11 of 1st period - Shot Misses the Net.
18:17 of 1st period - Snap shot by Jerred Smithson.
18:17 of 1st period - Shot Misses the Net.
18:58 of 1st period - Backhand shot by Derek Peltier.
18:58 of 1st period - Deflect By Lee Stempniak.
18:58 of 1st period - Stopped by Barry Brust with a rebound.
19:04 of 1st period - Chris Mcallister is hit by Ray Macias and loses puck.
19:06 of 1st period - Minor Penalty to Joey Crabb for Slashing.
19:07 of 1st period - Adam Hall wins face-off versus Dustin Boyd in Thunder zone.
19:32 of 1st period - Jonathan Ericsson is hit by Adam Hall and loses puck.
2nd period
0:01 of 2nd period - Dustin Boyd wins face-off versus Adam Hall in neutral zone.
0:09 of 2nd period - Off-side.
0:10 of 2nd period - Adam Hall wins face-off versus Dustin Boyd in neutral zone.
0:39 of 2nd period - Snap shot by Dustin Boyd.
0:39 of 2nd period - Stopped by Adam Munro without a rebound.
0:40 of 2nd period - Adam Hall wins face-off versus Tyler Bozak in Thunder zone.
1:06 of 2nd period - Penalty to Joey Crabb is over, Joey Crabb is back on ice.
1:23 of 2nd period - Snap shot by Derek Peltier.
1:23 of 2nd period - Stopped by Barry Brust with a rebound.
1:25 of 2nd period - Snap shot by Derek Peltier.
1:25 of 2nd period - Shot Misses the Net.
1:27 of 2nd period - Wrist shot by Derek Peltier.
1:27 of 2nd period - Shot Misses the Net.
1:43 of 2nd period - Snap shot by Pierre-Alexandre Parenteau.
1:43 of 2nd period - Shot Misses the Net.
1:53 of 2nd period - Icing by Pierre-Alexandre Parenteau.
1:54 of 2nd period - Dustin Boyd wins face-off versus Jerred Smithson in Thunder zone.
2:00 of 2nd period - Minor Penalty to Jerred Smithson for Boarding.
2:01 of 2nd period - Dustin Boyd wins face-off versus Adam Hall in Thunder zone.
2:16 of 2nd period - Snap shot by Dustin Boyd.
2:16 of 2nd period - Shot Blocked by Doug Janik.
2:26 of 2nd period - Doug Janik is hit by Lee Stempniak and loses puck.
2:59 of 2nd period - Slapshot by Derek Peltier.
2:59 of 2nd period - Shot Blocked by Andy Greene.
3:01 of 2nd period - Wrist shot by Ray Macias.
3:01 of 2nd period - Deflect By Martin Grenier.
3:01 of 2nd period - Stopped by Barry Brust with a rebound.
3:29 of 2nd period - Pierre-Alexandre Parenteau is hit by Tyler Bozak and loses puck.
3:46 of 2nd period - Derek Peltier is hit by Chris Mcallister and loses puck.
3:58 of 2nd period - Icing by Jonathan Ericsson.
3:59 of 2nd period - Tyler Bozak wins face-off versus Adam Hall in River Rats zone.
4:00 of 2nd period - Penalty to Jerred Smithson is over, Jerred Smithson is back on ice.
4:16 of 2nd period - Slapshot by Brett Festerling.
4:16 of 2nd period - Deflect By Robin Leblanc.
4:16 of 2nd period - Stopped by Barry Brust with a rebound.
4:18 of 2nd period - Snap shot by Kevin Montgomery.
4:18 of 2nd period - Shot Misses the Net.
4:36 of 2nd period - Slapshot by Jonathan Ericsson.
4:36 of 2nd period - Stopped by Adam Munro with a rebound.
5:16 of 2nd period - Wrist shot by Robin Leblanc.
5:16 of 2nd period - Stopped by Barry Brust with a rebound.
5:34 of 2nd period - Slapshot by Matt Jones.
5:34 of 2nd period - Shot Blocked by Doug Janik.
5:36 of 2nd period - Slapshot by Bryan Bickell.
5:36 of 2nd period - Stopped by Adam Munro with a rebound.
5:38 of 2nd period - Slapshot by Matt Jones.
5:38 of 2nd period - Stopped by Adam Munro without a rebound.
5:39 of 2nd period - Dustin Boyd wins face-off versus Kelly Zajac in Thunder zone.
6:04 of 2nd period - Pierre-Alexandre Parenteau is hit by Matt Jones and loses puck.
6:14 of 2nd period - Snap shot by Ray Macias.
6:14 of 2nd period - Stopped by Barry Brust without a rebound.
6:15 of 2nd period - Scott Parse wins face-off versus Tyler Bozak in River Rats zone.
6:47 of 2nd period - Scott Parse is hit by Vladimir Orszagh and loses puck.
6:51 of 2nd period - Icing by Scott Parse.
6:52 of 2nd period - Tom Pyatt wins face-off versus Dustin Boyd in Thunder zone.
6:52 of 2nd period - Tom Pyatt is hit by Martin Grenier.
7:06 of 2nd period - Slapshot by Adam Hall.
7:06 of 2nd period - Shot Blocked by Chris Mcallister.
7:08 of 2nd period - Wrist shot by Adam Hall.
7:08 of 2nd period - Shot Misses the Net.
7:14 of 2nd period - Snap shot by Adam Hall.
7:14 of 2nd period - Shot Misses the Net.
7:34 of 2nd period - Wrist shot by Scott Parse.
7:34 of 2nd period - Stopped by Barry Brust with a rebound.
7:36 of 2nd period - Slapshot by Brett Festerling.
7:36 of 2nd period - Shot Blocked by Jonathan Ericsson.
7:38 of 2nd period - Slapshot by Kevin Montgomery.
7:38 of 2nd period - Goal by Kevin Montgomery - River Rats : 1 - Thunder : 1.
7:39 of 2nd period - Tyler Bozak wins face-off versus Jerred Smithson in neutral zone.
8:12 of 2nd period - Slapshot by Andrej Meszaros.
8:12 of 2nd period - Shot Misses the Net.
8:14 of 2nd period - Slapshot by Benn Ferriero.
8:14 of 2nd period - Shot Misses the Net.
8:27 of 2nd period - Off-side.
8:28 of 2nd period - Dustin Boyd wins face-off versus Kelly Zajac in neutral zone.
8:33 of 2nd period - Wrist shot by Dustin Boyd.
8:33 of 2nd period - Deflect By Lee Stempniak.
8:33 of 2nd period - Shot Hit the Post.
8:33 of 2nd period - Puck is out of play.
8:34 of 2nd period - Tom Pyatt wins face-off versus Dustin Boyd in Thunder zone.
9:04 of 2nd period - Colton Gillies is hit by Dustin Boyd and loses puck.
9:11 of 2nd period - Slapshot by Derek Peltier.
9:11 of 2nd period - Shot Misses the Net.
10:50 of 2nd period - Snap shot by Colton Gillies.
10:50 of 2nd period - Shot Misses the Net.
10:52 of 2nd period - Wrist shot by Robin Leblanc.
10:52 of 2nd period - Shot Misses the Net.
10:54 of 2nd period - Wrist shot by Colton Gillies.
10:54 of 2nd period - Shot Blocked by Tyler Bozak.
11:08 of 2nd period - Backhand shot by Dustin Boyd.
11:08 of 2nd period - Shot Blocked by Ray Macias.
11:14 of 2nd period - Wrist shot by Dustin Boyd.
11:14 of 2nd period - Shot Misses the Net.
11:42 of 2nd period - Slapshot by Adam Hall.
11:42 of 2nd period - Stopped by Barry Brust with a rebound.
12:06 of 2nd period - Icing by Daniel Winnik.
12:07 of 2nd period - Jerred Smithson wins face-off versus Dustin Boyd in Thunder zone.
12:07 of 2nd period - Jerred Smithson is hit by Jonathan Ericsson.
12:15 of 2nd period - Dustin Boyd is hit by Daniel Winnik and loses puck.
12:32 of 2nd period - Scott Parse is hit by Jonathan Ericsson and loses puck.
12:50 of 2nd period - Ray Macias is hit by Martin Grenier and loses puck.
13:19 of 2nd period - Snap shot by Joey Crabb.
13:19 of 2nd period - Stopped by Barry Brust without a rebound.
13:20 of 2nd period - Dustin Boyd wins face-off versus Tom Pyatt in River Rats zone.
13:25 of 2nd period - Slapshot by Andy Greene.
13:25 of 2nd period - Stopped by Adam Munro with a rebound.
13:45 of 2nd period - Daniel Winnik is hit by Andy Greene and loses puck.
14:10 of 2nd period - Slapshot by Andrej Meszaros.
14:10 of 2nd period - Stopped by Adam Munro without a rebound.
14:11 of 2nd period - Tom Pyatt wins face-off versus Kyle Chipchura in Thunder zone.
14:24 of 2nd period - Slapshot by Matt Jones.
14:24 of 2nd period - Deflect By Adam Hall.
14:24 of 2nd period - Stopped by Adam Munro with a rebound.
14:27 of 2nd period - Icing by Jeff Finger.
14:28 of 2nd period - Scott Parse wins face-off versus Dustin Boyd in Thunder zone.
14:40 of 2nd period - Snap shot by Adam Hall.
14:40 of 2nd period - Goal by Adam Hall - River Rats : 1 - Thunder : 2.
14:41 of 2nd period - Dustin Boyd wins face-off versus Tom Pyatt in neutral zone.
14:54 of 2nd period - Slapshot by Doug Janik.
14:54 of 2nd period - Shot Misses the Net.
14:56 of 2nd period - Wrist shot by Tom Pyatt.
14:56 of 2nd period - Stopped by Barry Brust with a rebound.
15:06 of 2nd period - Brett Maclean is hit by Daniel Winnik and loses puck.
15:27 of 2nd period - Wrist shot by Vladimir Orszagh.
15:27 of 2nd period - Stopped by Adam Munro with a rebound.
16:08 of 2nd period - Snap shot by Lee Stempniak.
16:08 of 2nd period - Stopped by Adam Munro without a rebound.
16:09 of 2nd period - Kelly Zajac wins face-off versus Dustin Boyd in Thunder zone.
16:09 of 2nd period - Kelly Zajac is hit by Dustin Boyd.
16:18 of 2nd period - Slapshot by Lee Stempniak.
16:18 of 2nd period - Shot Blocked by Joey Crabb.
16:20 of 2nd period - Snap shot by Chris Mcallister.
16:20 of 2nd period - Shot Misses the Net.
16:22 of 2nd period - Wrist shot by Dustin Boyd.
16:22 of 2nd period - Stopped by Adam Munro without a rebound.
16:23 of 2nd period - Dustin Boyd wins face-off versus Tom Pyatt in Thunder zone.
16:36 of 2nd period - Snap shot by Dustin Boyd.
16:36 of 2nd period - Shot Blocked by Tom Pyatt.
17:09 of 2nd period - Snap shot by Tyler Bozak.
17:09 of 2nd period - Stopped by Adam Munro with a rebound.
17:12 of 2nd period - Icing by Robin Leblanc.
17:13 of 2nd period - Benn Ferriero wins face-off versus Brandon Mashinter in Thunder zone.
17:18 of 2nd period - Snap shot by Benn Ferriero.
17:18 of 2nd period - Stopped by Adam Munro with a rebound.
17:36 of 2nd period - Brett Festerling is hit by Vladimir Orszagh.
17:40 of 2nd period - Snap shot by Doug Janik.
17:40 of 2nd period - Shot Misses the Net.
17:42 of 2nd period - Snap shot by Brandon Mashinter.
17:42 of 2nd period - Stopped by Barry Brust with a rebound.
17:44 of 2nd period - Snap shot by Brandon Mashinter.
17:44 of 2nd period - Stopped by Barry Brust without a rebound.
17:45 of 2nd period - Tom Pyatt wins face-off versus Dustin Boyd in River Rats zone.
18:11 of 2nd period - Jerred Smithson is hit by Jonathan Ericsson and loses puck.
18:16 of 2nd period - Wrist shot by Mikael Renberg.
18:16 of 2nd period - Stopped by Adam Munro without a rebound.
18:17 of 2nd period - Brett Maclean wins face-off versus Jerred Smithson in Thunder zone.
18:20 of 2nd period - Backhand shot by Andrej Meszaros.
18:20 of 2nd period - Shot Misses the Net.
18:30 of 2nd period - Slapshot by Pierre-Alexandre Parenteau.
18:30 of 2nd period - Stopped by Barry Brust with a rebound.
18:32 of 2nd period - Wrist shot by Daniel Winnik.
18:32 of 2nd period - Stopped by Barry Brust with a rebound.
18:42 of 2nd period - Brett Maclean is hit by Robin Leblanc and loses puck.
18:47 of 2nd period - Slapshot by Doug Janik.
18:47 of 2nd period - Shot Blocked by Andy Greene.
18:49 of 2nd period - Slapshot by Colton Gillies.
18:49 of 2nd period - Shot Misses the Net.
18:51 of 2nd period - Snap shot by Colton Gillies.
18:51 of 2nd period - Goal by Colton Gillies - River Rats : 1 - Thunder : 3.
18:52 of 2nd period - Tom Pyatt wins face-off versus Dustin Boyd in neutral zone.
19:03 of 2nd period - Wrist shot by Dustin Boyd.
19:03 of 2nd period - Shot Misses the Net.
19:04 of 2nd period - Minor Penalty to Adam Hall for Roughing.
19:05 of 2nd period - Dustin Boyd wins face-off versus Colton Gillies in Thunder zone.
19:30 of 2nd period - Lee Stempniak is hit by Tom Pyatt and loses puck.
3rd period
0:01 of 3rd period - Scott Parse wins face-off versus Dustin Boyd in neutral zone.
0:40 of 3rd period - Wrist shot by Andrej Meszaros.
0:40 of 3rd period - Stopped by Adam Munro without a rebound.
0:41 of 3rd period - Colton Gillies wins face-off versus Tyler Bozak in Thunder zone.
1:04 of 3rd period - Penalty to Adam Hall is over, Adam Hall is back on ice.
1:04 of 3rd period - Wrist shot by Dustin Boyd.
1:04 of 3rd period - Stopped by Adam Munro without a rebound.
1:05 of 3rd period - Jerred Smithson wins face-off versus Lee Stempniak in Thunder zone.
1:12 of 3rd period - Derek Peltier is hit by Lee Stempniak and loses puck.
1:56 of 3rd period - Vladimir Orszagh is hit by Tom Pyatt and loses puck.
2:32 of 3rd period - Off-side.
2:33 of 3rd period - Dustin Boyd wins face-off versus Daniel Winnik in neutral zone.
2:33 of 3rd period - Dustin Boyd is hit by Daniel Winnik.
2:46 of 3rd period - Minor Penalty to Jerred Smithson for Holding.
2:47 of 3rd period - Dustin Boyd wins face-off versus Scott Parse in Thunder zone.
2:52 of 3rd period - Wrist shot by Dustin Boyd.
2:52 of 3rd period - Goal by Dustin Boyd - River Rats : 2 - Thunder : 3.
2:53 of 3rd period - Tom Pyatt wins face-off versus Dustin Boyd in neutral zone.
3:01 of 3rd period - Off-side.
3:02 of 3rd period - Dustin Boyd wins face-off versus Tom Pyatt in neutral zone.
3:07 of 3rd period - Snap shot by Dustin Boyd.
3:07 of 3rd period - Stopped by Adam Munro with a rebound.
3:19 of 3rd period - Wrist shot by Dustin Boyd.
3:19 of 3rd period - Shot Misses the Net.
3:35 of 3rd period - Slapshot by Tom Pyatt.
3:35 of 3rd period - Stopped by Barry Brust without a rebound.
3:36 of 3rd period - Daniel Winnik wins face-off versus Tyler Bozak in River Rats zone.
4:07 of 3rd period - Snap shot by Mikael Renberg.
4:07 of 3rd period - Shot Misses the Net.
4:14 of 3rd period - Icing by Joey Crabb.
4:15 of 3rd period - Dustin Boyd wins face-off versus Kelly Zajac in Thunder zone.
4:52 of 3rd period - Wrist shot by Derek Peltier.
4:52 of 3rd period - Deflect By Jonathan Ericsson.
4:52 of 3rd period - Stopped by Barry Brust without a rebound.
4:53 of 3rd period - Tom Pyatt wins face-off versus Dustin Boyd in River Rats zone.
5:27 of 3rd period - Pierre-Alexandre Parenteau is hit by Tyler Bozak and loses puck.
5:47 of 3rd period - Wrist shot by Vladimir Orszagh.
5:47 of 3rd period - Stopped by Adam Munro without a rebound.
5:48 of 3rd period - Tom Pyatt wins face-off versus Dustin Boyd in Thunder zone.
5:55 of 3rd period - Snap shot by Adam Hall.
5:55 of 3rd period - Deflect By Tom Pyatt.
5:55 of 3rd period - Stopped by Barry Brust with a rebound.
6:21 of 3rd period - Tom Pyatt is hit by Jay Beagle and loses puck.
6:42 of 3rd period - Snap shot by Daniel Winnik.
6:42 of 3rd period - Stopped by Barry Brust without a rebound.
6:43 of 3rd period - Dustin Boyd wins face-off versus Pierre-Alexandre Parenteau in River Rats zone.
6:43 of 3rd period - Andrej Meszaros is hit by Jerred Smithson and loses puck.
6:49 of 3rd period - Minor Penalty to Jerred Smithson for Roughing.
6:50 of 3rd period - Adam Hall wins face-off versus Mikael Renberg in Thunder zone.
6:55 of 3rd period - Slapshot by Doug Janik.
6:55 of 3rd period - Stopped by Barry Brust with a rebound.
7:15 of 3rd period - Snap shot by Lee Stempniak.
7:15 of 3rd period - Shot Misses the Net.
7:17 of 3rd period - Snap shot by Tyler Bozak.
7:17 of 3rd period - Stopped by Adam Munro with a rebound.
7:19 of 3rd period - Snap shot by Brett Maclean.
7:19 of 3rd period - Stopped by Adam Munro with a rebound.
7:21 of 3rd period - Slapshot by Andy Greene.
7:21 of 3rd period - Stopped by Adam Munro without a rebound.
7:22 of 3rd period - Tyler Bozak wins face-off versus Adam Hall in Thunder zone.
7:35 of 3rd period - Slapshot by Andy Greene.
7:35 of 3rd period - Shot Misses the Net.
7:37 of 3rd period - Snap shot by Lee Stempniak.
7:37 of 3rd period - Deflect By Adam Hall.
7:37 of 3rd period - Shot Misses the Net.
7:37 of 3rd period - Puck is out of play.
7:38 of 3rd period - Pierre-Alexandre Parenteau wins face-off versus Dustin Boyd in Thunder zone.
7:38 of 3rd period - Pierre-Alexandre Parenteau is hit by Mikael Renberg.
8:06 of 3rd period - Wrist shot by Daniel Winnik.
8:06 of 3rd period - Stopped by Barry Brust with a rebound.
8:18 of 3rd period - Wrist shot by Dustin Boyd.
8:18 of 3rd period - Deflect By Mikael Renberg.
8:18 of 3rd period - Deflect By Ray Macias.
8:18 of 3rd period - Stopped by Adam Munro without a rebound.
8:19 of 3rd period - Dustin Boyd wins face-off versus Adam Hall in Thunder zone.
8:20 of 3rd period - Wrist shot by Chris Mcallister.
8:20 of 3rd period - Shot Misses the Net.
8:28 of 3rd period - Wrist shot by Mikael Renberg.
8:28 of 3rd period - Shot Misses the Net.
8:30 of 3rd period - Slapshot by Martin Grenier.
8:30 of 3rd period - Stopped by Adam Munro with a rebound.
8:32 of 3rd period - Snap shot by Chris Mcallister.
8:32 of 3rd period - Deflect By Mikael Renberg.
8:32 of 3rd period - Stopped by Adam Munro without a rebound.
8:33 of 3rd period - Adam Hall wins face-off versus Dustin Boyd in Thunder zone.
8:49 of 3rd period - Penalty to Jerred Smithson is over, Jerred Smithson is back on ice.
8:58 of 3rd period - Wrist shot by Lee Stempniak.
8:58 of 3rd period - Deflect By Pierre-Alexandre Parenteau.
8:58 of 3rd period - Shot Misses the Net.
8:58 of 3rd period - Puck is out of play.
8:59 of 3rd period - Dustin Boyd wins face-off versus Brandon Mashinter in Thunder zone.
9:08 of 3rd period - Snap shot by Dustin Boyd.
9:08 of 3rd period - Stopped by Adam Munro with a rebound.
9:10 of 3rd period - Slapshot by Lee Stempniak.
9:10 of 3rd period - Shot Blocked by Robin Leblanc.
9:12 of 3rd period - Wrist shot by Chris Mcallister.
9:12 of 3rd period - Shot Misses the Net.
9:14 of 3rd period - Slapshot by Andy Greene.
9:14 of 3rd period - Deflect By Derek Peltier.
9:14 of 3rd period - Stopped by Adam Munro without a rebound.
9:15 of 3rd period - Tyler Bozak wins face-off versus Tom Pyatt in Thunder zone.
9:22 of 3rd period - Slapshot by Doug Janik.
9:22 of 3rd period - Stopped by Barry Brust with a rebound.
10:26 of 3rd period - Snap shot by Joey Crabb.
10:26 of 3rd period - Stopped by Barry Brust with a rebound.
11:36 of 3rd period - Wrist shot by Vladimir Orszagh.
11:36 of 3rd period - Stopped by Adam Munro without a rebound.
11:37 of 3rd period - Dustin Boyd wins face-off versus Tom Pyatt in Thunder zone.
12:11 of 3rd period - Slapshot by Matt Jones.
12:11 of 3rd period - Deflect By Mikael Renberg.
12:11 of 3rd period - Shot Blocked by Ray Macias.
12:11 of 3rd period - Puck is out of play.
12:12 of 3rd period - Tyler Bozak wins face-off versus Tom Pyatt in Thunder zone.
12:48 of 3rd period - Slapshot by Pierre-Alexandre Parenteau.
12:48 of 3rd period - Shot Blocked by Andy Greene.
12:50 of 3rd period - Snap shot by Pierre-Alexandre Parenteau.
12:50 of 3rd period - Stopped by Barry Brust with a rebound.
13:07 of 3rd period - Backhand shot by Lee Stempniak.
13:07 of 3rd period - Stopped by Adam Munro without a rebound.
13:08 of 3rd period - Tyler Bozak wins face-off versus Tom Pyatt in Thunder zone.
13:11 of 3rd period - Wrist shot by Tyler Bozak.
13:11 of 3rd period - Shot Blocked by Scott Parse.
13:13 of 3rd period - Slapshot by Jonathan Ericsson.
13:13 of 3rd period - Stopped by Adam Munro without a rebound.
13:14 of 3rd period - Tyler Bozak wins face-off versus Tom Pyatt in Thunder zone.
13:21 of 3rd period - Wrist shot by Brett Maclean.
13:21 of 3rd period - Shot Misses the Net.
13:23 of 3rd period - Slapshot by Jonathan Ericsson.
13:23 of 3rd period - Shot Misses the Net.
13:45 of 3rd period - Snap shot by Jonathan Ericsson.
13:45 of 3rd period - Deflect By Jay Beagle.
13:45 of 3rd period - Shot Blocked by Adam Hall.
13:45 of 3rd period - Puck is out of play.
13:46 of 3rd period - Jerred Smithson wins face-off versus Benn Ferriero in Thunder zone.
13:46 of 3rd period - Jerred Smithson is hit by Jay Beagle.
14:06 of 3rd period - Slapshot by Benn Ferriero.
14:06 of 3rd period - Deflect By Vladimir Orszagh.
14:06 of 3rd period - Shot Misses the Net.
14:06 of 3rd period - Puck is out of play.
14:07 of 3rd period - Tom Pyatt wins face-off versus Dustin Boyd in Thunder zone.
14:12 of 3rd period - Snap shot by Adam Hall.
14:12 of 3rd period - Deflect By Dustin Boyd.
14:12 of 3rd period - Shot Misses the Net.
14:12 of 3rd period - Puck is out of play.
14:13 of 3rd period - Lee Stempniak wins face-off versus Tom Pyatt in River Rats zone.
14:19 of 3rd period - Martin Grenier is hit by Ray Macias and loses puck.
15:11 of 3rd period - Benn Ferriero is hit by Brandon Mashinter and loses puck.
15:15 of 3rd period - Icing by Benn Ferriero.
15:16 of 3rd period - Benn Ferriero wins face-off versus Tom Pyatt in River Rats zone.
15:40 of 3rd period - Off-side.
15:41 of 3rd period - Pierre-Alexandre Parenteau wins face-off versus Dustin Boyd in neutral zone.
15:49 of 3rd period - Jerred Smithson is hit by Chris Mcallister and loses puck.
16:08 of 3rd period - Andy Greene is hit by Doug Janik and loses puck.
16:21 of 3rd period - Wrist shot by Tyler Bozak.
16:21 of 3rd period - Stopped by Adam Munro with a rebound.
16:31 of 3rd period - Matt Jones is hit by Robin Leblanc and loses puck.
16:36 of 3rd period - Wrist shot by Jeff Finger.
16:36 of 3rd period - Shot Misses the Net.
16:38 of 3rd period - Snap shot by Brandon Mashinter.
16:38 of 3rd period - Shot Misses the Net.
16:40 of 3rd period - Slapshot by Jeff Finger.
16:40 of 3rd period - Shot Misses the Net.
16:42 of 3rd period - Wrist shot by Brandon Mashinter.
16:42 of 3rd period - Shot Misses the Net.
16:56 of 3rd period - Niklas Hjalmarsson is hit by Daniel Winnik and loses puck.
17:57 of 3rd period - Kevin Montgomery is hit by Trent Hunter.
19:27 of 3rd period - River Rats, Barry Brust is pulled from the net.
19:27 of 3rd period - Slapshot by Andy Greene.
19:27 of 3rd period - Shot Misses the Net.
19:29 of 3rd period - Snap shot by Dustin Boyd.
19:29 of 3rd period - Shot Blocked by Scott Parse.
19:48 of 3rd period - Icing by Andrej Meszaros.
19:49 of 3rd period - Barry Brust from River Rats was sent back in the game.
19:49 of 3rd period - Dustin Boyd wins face-off versus Tom Pyatt in River Rats zone.
19:54 of 3rd period - River Rats, Barry Brust is pulled from the net.
19:54 of 3rd period - Wrist shot by Lee Stempniak.
19:54 of 3rd period - Shot Misses the Net.
19:56 of 3rd period - Wrist shot by Lee Stempniak.
19:56 of 3rd period - Shot Misses the Net.
19:58 of 3rd period - Backhand shot by Andy Greene.
19:58 of 3rd period - Deflect By Chris Mcallister.
19:58 of 3rd period - Shot Misses the Net.
19:58 of 3rd period - Puck is out of play.
19:59 of 3rd period - Randy Cunneyworth call a timeout for River Rats.
19:59 of 3rd period - Dustin Boyd wins face-off versus Tom Pyatt in Thunder zone.
Output by the SimonT Hockey Simulator (STHS) for François Prévost -- Original Page W3C XHTML 1.0 Valid